 Dungeon Crawl Stone Soup version 0.25.1-2-g60ff931df9 (webtiles) character file.

Game seed: 810472924948201056

3004 Johnny the Geomancer (level 9, 0/62 HPs)
             Began as a Demigod Earth Elementalist on Oct 25, 2020.
             Slain by a gnoll (7 damage)
             ... on level 8 of the Dungeon.
             The game lasted 00:07:45 (9923 turns).

Johnny the Geomancer (Demigod Earth Elementalist)   Turns: 9923, Time: 00:07:45

Health: 0/62       AC:  3    Str: 11    XL:     9   Next: 29%
Magic:  11/22      EV: 12    Int: 27    God:
Gold:   348        SH:  0    Dex: 16    Spells: 8/21 levels left

rFire    . . .     SeeInvis +   a - +3 dagger
rCold    . . .     Gourm    .   (no shield)
rNeg     . . .     Faith    .   c - +0 robe
rPois    .         Spirit   .   (no helmet)
rElec    .         Reflect  .   (no cloak)
rCorr    .         Harm     .   (no gloves)
MR       .....                  i - +0 pair of boots
Stlth    ++........             h - amulet of magic regeneration
HPRegen  0.20/turn              E - ring of see invisible
MPRegen  0.43/turn              (no ring)

@: no status effects
A: blink, blurry vision 1, clever 1, high mp 1
a: Blink


You were on level 8 of the Dungeon.
You were hungry.

You visited 1 branch of the dungeon, and saw 8 of its levels.

You collected 348 gold pieces.

Inventory:

Hand Weapons
 a - a +3 dagger (weapon)
 e - a +0 vorpal hand axe
Missiles
 b - 82 stones (quivered)
Armour
 c - a +0 robe (worn)
 i - a +0 pair of boots (worn)
Magical Staves
 G - an uncursed staff of wizardry {unknown}
Jewellery
 f - an uncursed ring of fire
 h - an amulet of magic regeneration (around neck)
 t - an uncursed ring of see invisible
 E - a ring of see invisible (left hand)
 H - a cursed -4 ring of evasion {unknown}
Wands
 r - a wand of digging (1)
Scrolls
 g - 3 scrolls of teleportation
 k - a scroll of enchant armour
 o - 3 scrolls of remove curse
 q - 2 scrolls of random uselessness {unknown}
 u - a scroll of fog
 y - a scroll of blinking {unknown}
 z - a scroll of holy word {unknown}
 C - a scroll of noise {unknown}
 F - a scroll of amnesia {unknown}
Potions
 j - a potion of lignification {unknown}
 l - a potion of might {unknown}
 m - a potion of heal wounds {unknown}
 n - 2 potions of ambrosia {unknown}
 p - a potion of mutation
 s - 2 potions of resistance {unknown}
 v - a potion of flight {unknown}
 w - 2 potions of magic
 x - a potion of stabbing {unknown}
 A - a potion of invisibility {unknown}
 D - a potion of cancellation {unknown}
Comestibles
 d - 12 rations


   Skills:
 - Level 1.7 Dodging
 - Level 1.7 Stealth
 + Level 6.6 Spellcasting
 - Level 0.8 Transmutations
 * Level 10.3 Earth Magic


You had 8 spell levels left.
You knew the following spells:

 Your Spells              Type           Power        Failure   Level  Hunger
a - Sandblast             Erth           ######       1%          1    None
b - Stone Arrow           Conj/Erth      #####.       2%          3    None
c - Lee's Rapid Deconstr  Erth           ######....   2%          5    #####..
d - Petrify               Tmut/Erth      #####...     6%          4    ###....

Your spell library contained the following spells:

 Spells                   Type           Power        Failure   Level  Hunger
 Passwall                 Tmut/Erth      #####...     1%          2    None
 Animate Skeleton         Necr           N/A          6%          1    None
 Pain                     Necr           #...         6%          1    None
 Vampiric Draining        Necr           #.........   19%         3    None
 Animate Dead             Necr           N/A          52%         4    ###....
 Agony                    Necr           #.......     86%         5    #####..


Dungeon Overview and Level Annotations

Branches:
Dungeon (8/15)             Temple (0/1) D:6
   Lair: D:8-11

Shops:
D:7 :

Annotations:
D:8 Prince Ribbit


Innate Abilities, Weirdness & Mutations

You have an increased reservoir of magic. (+10% MP)
You can translocate small distances at will.
Scrolls take you a little longer to read.
Your mind is acute. (Int +2)


Message History

The gnoll hits you from afar with a +0 spear!
* * * LOW HITPOINT WARNING * * *
You see here a chain mail.
The giant cockroach bites you.
* * * LOW HITPOINT WARNING * * *
The gnoll hits you from afar with a +0 spear.
* * * LOW HITPOINT WARNING * * *
The gnoll hits you from afar with a +0 spear.
* * * LOW HITPOINT WARNING * * *
Okay, then.
Evoke which item? (* to show all) (? for menu, Esc to quit)
Aiming: Cloud Cone
Press: ? - help, Dir - move target cursor, f - giant cockroach
Aim: a giant cockroach You create a blast of poison gas!
The now-empty wand crumbles to dust.
The giant cockroach is engulfed in poison gas.
The giant cockroach is poisoned.
You kill the giant cockroach!
The gnoll is engulfed in poison gas.
The gnoll is poisoned.
The gnoll hits you!
You die...

...##
###......#................
..##
#.Z......[..............
###
#....$.................. #
#.?.................###. #
#....§§§§§......÷...# # .
#....#§§§.).........#
#....#§gg.....###.###
#....##§g(...## ### #....
#@....## #..........##
###.##....## #....# #..###
...# ..## ...


You could see 3 gnolls.

Vanquished Creatures
  Grinder (D:6)
  A hippogriff (D:8)
  Sigmund (D:6)
  A sky beast (D:7)
  An orc warrior (D:6)
  A black bear (D:7)
  3 phantoms
  2 ogres (D:7)
  4 centaurs
  2 bullfrogs (D:6)
  4 scorpions
  5 wights (D:6)
  A howler monkey (D:4)
  2 crimson imps (D:7)
  A centaur zombie (D:7)
  5 hounds
  2 orc priests (D:7)
  3 iguanas (D:4)
  3 orc wizards
  Ijyb (D:3)
  Terence (D:3)
  5 worker ants
  A hound skeleton (D:7)
  A gnoll (D:8)
  12 adders
  A shadow imp (D:5)
  3 oozes
  An adder skeleton (D:7)
  3 worms
  A dart slug (D:1)
  4 leopard geckos
  10 orcs
  8 giant cockroaches
  8 goblins
  4 hobgoblins
  9 jackals
  2 quokkas
  A ball python (D:8)
  3 bats
  5 frilled lizards
  6 kobolds
  A leopard gecko skeleton (D:4)
  A quokka skeleton (D:4)
  11 rats
146 creatures vanquished.

Vanquished Creatures (others)
  A bush (D:5)
  2 fungi (D:8)
3 creatures vanquished.

Grand Total: 149 creatures vanquished

Notes
Turn   | Place    | Note
-------+----------+-------------------------------------------
     0 | D:1      | Johnny the Demigod Earth Elementalist began the quest for
                  | the Orb.
     0 | D:1      | Reached XP level 1. HP: 14/14 MP: 5/5
   365 | D:1      | Reached skill level 3 in Earth Magic
   387 | D:1      | Reached XP level 2. HP: 9/20 MP: 2/7
  1643 | D:2      | Found a glowing silver altar of Zin.
  1751 | D:2      | Reached XP level 3. HP: 22/26 MP: 5/9
  2730 | D:2      | Found a faded altar of an unknown god.
  3040 | D:3      | Reached skill level 4 in Earth Magic
  3367 | D:3      | Noticed Ijyb
  3383 | D:3      | Killed Ijyb
  3383 | D:3      | Reached XP level 4. HP: 31/33 MP: 4/10
  3470 | D:3      | You fall into a shaft and drop 2 floors!
  3470 | D:5      | Entered Level 5 of the Dungeon
  3477 | D:5      | You fall into a shaft and drop 3 floors!
  3477 | D:8      | Noticed an eye of draining
  3479 | D:8      | Noticed a hippogriff
  3489 | D:8      | Found a snail-covered altar of Cheibriados.
  3494 | D:8      | Noticed Prince Ribbit
  3519 | D:7      | Gained mutation: Your mind is acute. (Int +2) [potion of
                  | mutation]
  3519 | D:7      | Gained mutation: Scrolls take you a little longer to read.
                  | [potion of mutation]
  3519 | D:7      | Gained mutation: You can translocate small distances at
                  | will. [potion of mutation]
  3523 | D:7      | Reached XP level 5. HP: 16/38 MP: 7/12
  3528 | D:7      | Reached skill level 5 in Earth Magic
  3556 | D:7      | Noticed a centaur
  3797 | D:7      | Noticed an ogre
  3803 | D:7      | Killed an ogre
  3803 | D:7      | Reached XP level 6. HP: 40/45 MP: 10/14
  3852 | D:6      | Reached skill level 6 in Earth Magic
  4035 | D:6      | Noticed Grinder
  4062 | D:6      | Reached XP level 7. HP: 44/50 MP: 11/16
  4296 | D:6      | Reached skill level 7 in Earth Magic
  4430 | D:6      | Noticed Sigmund
  4434 | D:6      | Killed Sigmund
  4512 | D:6      | Found a staircase to the Ecumenical Temple.
  4893 | D:4      | Learned a level 3 spell: Stone Arrow
  4899 | D:4      | Learned a level 5 spell: Lee's Rapid Deconstruction
  4904 | D:4      | Learned a level 4 spell: Petrify
  5065 | D:4      | Reached skill level 5 in Spellcasting
  5069 | D:4      | Reached XP level 8. HP: 25/57 MP: 13/19
  5397 | D:3      | Noticed Terence
  5400 | D:3      | Killed Terence
  5400 | D:3      | Reached skill level 8 in Earth Magic
  6430 | D:4      | Found a bloodstained altar of Trog.
  7137 | D:5      | Found a shimmering blue altar of Sif Muna.
  7603 | D:6      | Killed Grinder
  7603 | D:6      | Reached skill level 9 in Earth Magic
  9067 | D:7      | Reached XP level 9. HP: 62/62 MP: 18/22
  9072 | D:7      | Found Daeli's Book Shop.
  9336 | D:7      | Reached skill level 10 in Earth Magic
  9844 | D:8      | Found an ancient bone altar of Kikubaaqudgha.
  9844 | D:8      | Found a sparkling altar of Nemelex Xobeh.
  9844 | D:8      | Found a basalt altar of Yredelemnul.
  9845 | D:8      | Found a stormy altar of Qazlal.
  9845 | D:8      | Found a radiant altar of Vehumet.
  9845 | D:8      | Found a sacrificial altar of Ru.
  9923 | D:8      | Slain by a gnoll

Illustrated notes

Levels and vault maps discovered:
D:1:      dpeg_arrival_rooms_with_view, layout_loops_ring, minmay_misc_feat_rows
D:2:      layout_loops_corners, zin_statuary, chequers_ecumenical_altar_simple
D:3:      layout_basic, uniq_terence, uniq_ijyb
D:4:      minmay_bubble_buster, layout_basic, bloody_trog
D:5:      layout_basic, nicolae_overflow_crystal_walls, first_ration,
          kb_lookout_dungeons_type
D:6:      layout_gridville, minmay_temple_entry_mini_moons, uniq_sigmund,
          uniq_grinder
D:7:      layout_loops_ring, serial_shops, shop
D:8:      old_forge, layout_cave_pools, grunt_temple_overflow_open,
          gammafunk_ghost_spectres, hangedman_little_slice_of_home,
          cheibriados_altar_1, uniq_prince_ribbit1, uniq_joseph, uniq_maurice

Skill      XL: |  1  2  3  4  5  6  7  8  9 |
---------------+----------------------------+-----
Earth Magic    | 3 4 5 6 7 9 10 | 10.3
Spellcasting   | 2 3 4 5 6 |  6.6
Dodging        | |  1.7
Stealth        | |  1.7
Transmutations | |  0.8

Action                   |  1- 3 |  4- 6 |  7- 9 || total
-------------------------+-------+-------+-------++-------
Melee: Unarmed           |    47 |       |       ||    47
       Dagger            |    73 |       |   105 ||   178
       Spear             |    19 |     5 |     8 ||    32
 Cast: Sandblast         |    41 |    46 |    66 ||   153
       Stone Arrow       |       |       |    64 ||    64
       Lee's Rapid Decon |       |       |     1 ||     1
Evoke: Wand              |       |       |     1 ||     1
  Use: Potion            |     1 |     5 |       ||     6
       Scroll            |       |     4 |     3 ||     7
 Stab: Sleeping          |    12 |       |     3 ||    15
  Eat: Chunk             |     8 |     1 |    12 ||    21
       Ration            |       |       |     2 ||     2
Armor: Robe              |    36 |     7 |    38 ||    81
Dodge: Dodged            |    94 |    36 |   122 ||   252
